 Dungeon Crawl Stone Soup version 0.32-a0-540-g866d13106e (webtiles) character file.

Game seed: 12542373323141818259

261 HC7 the Ruffian (level 5, -4/50 HPs)
             Began as a Troll Warper on Feb 28, 2024.
             Was a Plaything of Xom.
             Slain by a gnoll sergeant
             ... wielding a +2 trident of freezing
              (6 damage)
             ... on level 4 of the Dungeon.
             The game lasted 00:08:11 (2170 turns).

HC7 the Ruffian (Troll Warper)                      Turns: 2170, Time: 00:08:11

Health: -4/50      AC:  4    Str: 19    XL:     5   Next: 96%
Magic:  6/6        EV: 10    Int:  9    God:    Xom [..*...]
Gold:   244        SH:  0    Dex: 11    Spells: 7/7 levels left

rFire   . .          .
                       - Unarmed
rCold   + . .        (no shield)
rNeg    . . .        k - +0 robe {rC+}
rPois   +            (helmet restricted)
rElec   +            (no cloak)
rCorr   .            (gloves unavailable)
SInv    .            (boots unavailable)
Will    .....        (no amulet)
Stlth   ++           i - ring of Ygiff {+Blink rElec rPois Stlth+}
HPRegen 1.08/turn    f - ring of flight
MPRegen 0.10/turn

%: no passive effects
@: flying
A: large, unfitting armour, claws 3, regeneration 1, shaggy fur 1, tough skin 1
a: Renounce Religion, Evoke Blink


You were on level 4 of the Dungeon.
You worshipped Xom.
You were a toy of Xom.
You visited 1 branch of the dungeon, and saw 4 of its levels.

You collected 244 gold pieces.

Inventory:

Hand Weapons
 a - a +0 falchion
 m - a +0 sling
Missiles
 d - 7 darts of dispersal (quivered)
Armour
 k - a +0 robe of cold resistance (worn)
Jewellery
 f - a ring of flight (right claw)
 i - the ring of Ygiff (left claw) {+Blink rElec rPois Stlth+}
   (You acquired it on level 3 of the Dungeon)

   [ring of poison resistance]

   rElec:     It insulates you from electricity.
   rPois:     It protects you from poison +Blink: It lets you blink.
   Stlth+:    It makes you more stealthy.
Scrolls
 c - 2 scrolls of blinking
 e - 2 scrolls of identify
Potions
 g - a potion of heal wounds {unknown}
 h - a potion of curing
 l - a potion of brilliance {unknown}


   Skills:
 + Level 2.3 Fighting
 + Level 1.6 Long Blades
 + Level 0.8 Throwing
 + Level 3.0 Dodging
 + Level 0.3 Stealth
 + Level 3.7 Unarmed Combat
 + Level 1.5 Spellcasting
 + Level 2.3 Translocations
 + Level 0.3 Evocations


You had 7 spell levels left.
You didn't know any spells.
Your spell library contained the following spells:

 Spells                   Type           Power      Damage    Failure   Level
 Blink                    Tloc           8%         N/A       21%         2
 Lesser Beckoning         Tloc           8%         N/A       21%         2
 Teleport Other           Tloc           4%         N/A       38%         3
 Manifold Assault         Tloc           4%         N/A       80%         4
 Vhi's Electric Charge    Tloc/Air       4%         N/A       91%         4
 Olgreb's Toxic Radiance  Alch           0%         N/A       98%         4
 Ozocubu's Refrigeration  Ice            0%         4d7       100%        7
 Discord                  Hex            0%         N/A       100%        8


Dungeon Overview and Level Annotations

Branches:
Dungeon (4/15)
 Temple: D:4-7

Altars:
Kikubaaqudgha
Xom

Annotations:
D:4 Edmund


Innate Abilities, Weirdness & Mutations

You are too large for most types of armour.
You have claws for hands.
Your natural rate of healing is unusually fast.
You are covered in fur. (AC +1)
You have tough skin. (AC +1)


Message History

The ball python bites you but does no damage.
The jelly barely misses you. The kobold closely misses you.
You miss the kobold. The gnoll misses you.
The dart slug briefly extends its eye-stalks.
The ball python barely misses you. The goblin hits you with a +0 club.
The jelly hits you but does no damage. The kobold hits you with a +0 dagger.
You completely miss the kobold. The gnoll hits you with a +0 club.
The ball python barely misses you.
The gnoll sergeant hits you from afar with a +2 trident of freezing!
The gnoll sergeant freezes you.
You completely miss the kobold. The kobold hits you but does no damage.
The jelly closely misses you. The goblin barely misses you.
The gnoll closely misses you. The ball python bites you.
You scratch the kobold but do no damage.
The gnoll sergeant hits you from afar with a +2 trident of freezing!
* * * LOW HITPOINT WARNING * * *
A shower of butterflies erupts from you!
The goblin closely misses you. The kobold hits you with a +0 dagger.
* * * LOW HITPOINT WARNING * * *
The jelly jiggles.
The jelly barely misses you. The ball python bites you.
* * * LOW HITPOINT WARNING * * *
The dart slug bites you.
* * * LOW HITPOINT WARNING * * *
The gnoll completely misses you.
You closely miss the kobold. The gnoll sergeant barely misses you.
The goblin barely misses you. The kobold barely misses you.
The gnoll misses you. The ball python closely misses you.
The jelly closely misses you. The gnoll closely misses you.
The dart slug launches a dart at you.
The slug dart hits you but does no damage.
You barely miss the kobold. The ball python barely misses you.
The gnoll sergeant barely misses you. The jelly hits you but does no damage.
The goblin barely misses you. The kobold hits you with a +0 dagger.
* * * LOW HITPOINT WARNING * * *
The gnoll closely misses you. x2
You closely miss the kobold. The ball python completely misses you.
The gnoll sergeant hits you from afar with a +2 trident of freezing.
You die...
Xom chortles!

..g....#.....#
#......#.....# #
#............#.#
####............#.#
#.......g.......b#.#
#..........#..g....####
#....#...#.#.BgJ...b..#
#....#.......g@g@K....#
...)......####Swg......
.........## ....b.#....
##........#.##..b......
#.........# '.........
#...##....# ##.........
#.........# ......####
#........(.# ......#
#.......##..


You could see Edmund, a gnoll sergeant (ally target), a bombardier beetle, a
jelly, 3 gnolls, a dart slug, a goblin, a ball python and a kobold.

Vanquished Creatures
  2 orc priests (D:3)
  A bombardier beetle (D:3)
  2 orc wizards (D:3)
  2 adders (D:2)
  2 dart slugs
  2 ribbon worms
  7 orcs (D:3)
  6 bats
  6 endoplasms
  A giant cockroach (D:1)
  11 goblins
  10 hobgoblins
  6 jackals
  8 kobolds
  3 quokkas
  6 ball pythons
  2 frilled lizards (D:2)
  7 rats
84 creatures vanquished.

Vanquished Creatures (others)
  A human (D:3)
1 creature vanquished.

Grand Total: 85 creatures vanquished

Notes
Turn   | Place    | Note
-------+----------+-------------------------------------------
     0 | D:1      | HC7 the Troll Warper began the quest for the Orb.
     0 | D:1      | Reached XP level 1. HP: 19/19 MP: 1/1
    55 | D:1      | Reached XP level 2. HP: 28/28 MP: 1/3
   267 | D:1      | Reached XP level 3. HP: 35/35 MP: 4/4
   550 | D:2      | Reached skill level 1 in Unarmed Combat
   805 | D:2      | Reached XP level 4. HP: 35/42 MP: 5/5
   938 | D:2      | Found a faded altar of an unknown god.
   941 | D:2      | Prayed at the altar of an unknown god.
   941 | D:2      | Became a worshipper of Xom of Chaos
  1279 | D:3      | Identified a scroll of acquirement
  1279 | D:3      | Acquired the ring of Ygiff {+Blink rElec rPois Stlth+}
  1451 | D:3      | XOM: divination: detect creatures
  1501 | D:3      | Reached XP level 5. HP: 32/49 MP: 6/6
  1629 | D:3      | XOM: divination: detect items
  1858 | D:3      | Found an ancient bone altar of Kikubaaqudgha.
  1869 | D:3      | Noticed a human
  1871 | D:3      | Killed a human
  1996 | D:3      | XOM: silly message
  2006 | D:3      | XOM: divination: detect items
  2146 | D:4      | Noticed Edmund
  2167 | D:4      | XOM: butterfly on damage
  2167 | D:4      | HP: 2/50 [dart slug (1)]
  2170 | D:4      | Slain by a gnoll sergeant

Illustrated notes

Levels and vault maps discovered:
D:1:      minmay_arrival_shoal_huts, layout_rooms
D:2:      cheibrodos_greedy_goblins, layout_basic,
          hellmonk_ecumenical_altar_inner_sanctum
D:3:      layout_basic, tgw_kikubaaqudgha
D:4:      layout_basic, nicolae_stop_n_shop_1, uniq_edmund

Skill      XL: |  1  2  3  4  5 |
---------------+----------------+-----
Dodging        | 2 3 |  3.0
Fighting       | 2 |  2.3
Unarmed Combat | 1 2 3 |  3.7
Long Blades    | |  1.6
Throwing       | |  0.8
Stealth        | |  0.3
Spellcasting   | |  1.5
Translocations | |  2.3
Evocations     | |  0.3

Action                     |  1- 3 |  4- 6 || total
---------------------------+-------+-------++-------
  Melee: Unarmed           |   151 |   123 ||   274
         Punch             |       |     3 ||     3
Ability: Evoke Blink       |       |     2 ||     2
    Use: Scroll            |     2 |     5 ||     7
   Stab: Sleeping          |       |     1 ||     1
 Armour: Robe              |   129 |   103 ||   232
  Dodge: Dodged            |   126 |    82 ||   208

Table legend: (Time is in decaauts)
 A = Elapsed time spent in this place.
 B = Non-inter-level travel time spent in this place.
 C = Inter-level travel time spent in this place.
 D = Time resting spent in this place.
 E = Time spent auto-exploring this place.
 F = Levels seen in this place.
 G = Mean time per level.
                   A        B        C        D        E       F      G
               +--------+--------+--------+--------+--------+-----+--------+
         Total |   2160 |   2020 |    140 |      0 |   1261 |   4 |  540.0 |
       Dungeon |   2160 |   2020 |    140 |      0 |   1261 |   4 |  540.0 |
               +--------+--------+--------+--------+--------+-----+--------+

Top non-repeatable levels by time:
     D:3: 887 daAuts
     D:2: 730 daAuts
     D:1: 509 daAuts
     D:4: 33 daAuts
